 Dungeon Crawl Stone Soup version 0.29.1-13-g9f3cf754e1 (webtiles) character file.

Game seed: 17744077188954281580

324 Heoruswealwe the Grave Robber (level 6, -9/32 HPs)
             Began as a Deep Elf Necromancer on Feb 3, 2023.
             Mangled by Sigmund
             ... wielding a +0 scythe
              (11 damage)
             ... on level 4 of the Dungeon.
             The game lasted 00:57:03 (3399 turns).

Heoruswealwe the Grave Robber (DENe)                Turns: 3399, Time: 00:57:03

Health: -9/32      AC:  5    Str:  5    XL:     6   Next: 23%
Magic:  13/17      EV: 27    Int: 28    God:
Gold:   292        SH:  0    Dex: 15    Spells: 11/17 levels left

rFire   . . .      SeeInvis .   F - +1 dagger (venom)
rCold   . . .      Faith    .   (no shield)
rNeg    . . .      Spirit   .   a - +0 robe
rPois   .          Reflect  .   (no helmet)
rElec   .          Harm     .   b - +0 cloak
rCorr   .          Rampage  .   L - +0 pair of gloves
Will    .....                   H - +0 pair of boots
Stlth   ++........              P - amulet of the acrobat
HPRegen 0.10/turn               T - +6 ring of intelligence
MPRegen 0.15/turn               (no ring)

@: acrobatic
A: no striking features
a: no special abilities


You were on level 4 of the Dungeon.
You visited 1 branch of the dungeon, and saw 5 of its levels.

You collected 292 gold pieces.

Inventory:

Hand Weapons
 B - a +0 dagger of venom
 F - a +1 dagger of venom (weapon)
Missiles
 k - 5 curare-tipped darts
Armour
 a - a +0 robe (worn)
 b - a +0 cloak (worn)
 j - a +0 ring mail
 t - a +0 animal skin
 u - a +0 helmet
 H - a +0 pair of boots (worn)
 L - a +0 pair of gloves (worn)
Jewellery
 P - an amulet of the acrobat (around neck)
 T - a +6 ring of intelligence (left hand)
Wands
 r - a wand of roots (8)
 M - a wand of flame (9)
Scrolls
 c - 2 scrolls of teleportation
 e - a scroll of silence {unknown}
 f - 2 scrolls of torment
 i - a scroll of noise
 l - a scroll of brand weapon
 m - a scroll of enchant weapon
 n - a scroll of summoning {unknown}
 o - a scroll of blinking {unknown}
 p - a scroll of fog {unknown}
 I - 2 scrolls of fear
 R - a scroll of vulnerability {unknown}
Potions
 d - 2 potions of lignification {unknown}
 g - a potion of might {unknown}
 q - a potion of berserk rage {unknown}
 s - 2 potions of curing
 C - a potion of mutation {unknown}
 K - a potion of ambrosia {unknown}
 Q - 3 potions of brilliance {unknown}


   Skills:
 + Level 2.5 Dodging
 + Level 3.0 Stealth
 + Level 6.4 Spellcasting
 + Level 7.0 Necromancy
 + Level 0.6 Evocations


You had 11 spell levels left.
You knew the following spells:

 Your Spells              Type           Power      Damage    Failure   Level
a - Necrotise             Necr           100%       1d9       1%          1
b - Vampiric Draining     Necr           48%        2d9       1%          3
c - Poisonous Vapours     Pois/Air       18%        N/A       9%          2

Your spell library contained the following spells:

 Spells                   Type           Power      Damage    Failure   Level
 Animate Dead             Necr           48%        N/A       3%          4
 Agony                    Necr           48%        N/A       9%          5
 Conjure Flame            Conj/Fire      9%         6-21      17%         3
 Ignite Poison            Fire/Tmut/Pois 9%         N/A       17%         3
 Corpse Rot               Necr/Pois/Air  22%        N/A       22%         4
 Petrify                  Tmut/Erth      9%         N/A       50%         4
 Sticky Flame             Conj/Fire      9%         2d3       50%         4
 Metabolic Englaciation   Hex/Ice        4%         N/A       85%         5
 Statue Form              Tmut/Erth      6%         N/A       100%        6


Dungeon Overview and Level Annotations

Branches:
Dungeon (5/15)
 Temple: D:4-7

Altars:
Cheibriados
Zin

Shops:
D:3 [

Annotations:
D:4 Dowan, Duvessa, Sigmund


Message History

Casting: Necrotise (safe; 1% risk of failure)
Confirm with . or Enter, or press ? or * to list all spells.
Aiming: Necrotise (safe; 1% risk of failure)
Press: ? - help, Shift-Dir - straight line, f/p - giant cockroach
Aim: a giant cockroach (moderately wounded, chance to affect: 93%)
The giant cockroach writhes in agony!
You kill the giant cockroach!
Something hits you.
Casting: Necrotise (safe; 1% risk of failure)
Confirm with . or Enter, or press ? or * to list all spells.
You can't see any susceptible monsters within range! (Use Z to cast anyway.)
Casting: Necrotise (safe; 1% risk of failure)
Confirm with . or Enter, or press ? or * to list all spells.
You can't see any susceptible monsters within range! (Use Z to cast anyway.)
Something hits you. Something closely misses you. Something closely misses you.
Something hits you!
Casting: Necrotise (safe; 1% risk of failure)
Confirm with . or Enter, or press ? or * to list all spells.
You can't see any susceptible monsters within range! (Use Z to cast anyway.)
Casting: Necrotise (safe; 1% risk of failure)
Confirm with . or Enter, or press ? or * to list all spells.
Aiming: Necrotise (safe; 1% risk of failure)
Press: ? - help, Shift-Dir - straight line Nothing appears to happen.
Something hits you. Something completely misses you.
You miss something.
Casting: Necrotise (safe; 1% risk of failure)
Confirm with . or Enter, or press ? or * to list all spells.
You can't see any susceptible monsters within range! (Use Z to cast anyway.)
Casting: Necrotise (safe; 1% risk of failure)
Confirm with . or Enter, or press ? or * to list all spells.
Aiming: Necrotise (safe; 1% risk of failure)
Press: ? - help, Shift-Dir - straight line Something writhes in agony!
Something hits you!
* * * LOW HITPOINT WARNING * * *
Something hits you!
You die...

.........# #.###
.# .........##
##...# .#
..........[
#..#.##.#
............#
#.......#
............#
#......## ...
#.....## #.....##
...
#......#####.#...#
...
#....#..{.##.....#
...
#....####.@..#...#
... #....#
###....<.# ...
#....# #.>..#.#
.!. #....#
######.# ...
#....# #.# #....#
### ######


There were no monsters in sight!

Vanquished Creatures
  A phantom (D:4)
  A scorpion (D:3)
  A hound (D:4)
  Jessica (D:2)
  Robin (D:2)
  4 adders
  A dart slug (D:1)
  3 endoplasms
  5 giant cockroaches
  19 goblins
  10 hobgoblins
  2 jackals (D:1)
  3 quokkas (D:1)
  9 ball pythons
  3 bats
  3 frilled lizards
  6 kobolds
  4 rats
77 creatures vanquished.

Vanquished Creatures (collateral kills)
  4 goblins
  A jackal (D:1)
  A kobold (D:2)
  A rat (D:1)
7 creatures vanquished.

Grand Total: 84 creatures vanquished

Notes
Turn   | Place    | Note
-------+----------+-------------------------------------------
     0 | D:1      | Heoruswealwe the Deep Elf Necromancer began the quest for
                  | the Orb.
     0 | D:1      | Reached XP level 1. HP: 10/10 MP: 6/6
   202 | D:1      | Reached skill level 5 in Necromancy
   289 | D:2      | Reached XP level 2. HP: 15/15 MP: 4/8
   295 | D:2      | Found a faded altar of an unknown god.
   735 | D:2      | Reached XP level 3. HP: 14/19 MP: 5/10
   786 | D:2      | Noticed Robin
   822 | D:2      | Killed Robin
   935 | D:3      | Reached XP level 4. HP: 21/24 MP: 10/12
   942 | D:4      | Noticed Duvessa
   942 | D:4      | Noticed Dowan
  1425 | D:1      | Reached skill level 6 in Necromancy
  1607 | D:1      | Learned a level 3 spell: Vampiric Draining
  2174 | D:2      | Noticed Jessica
  2177 | D:2      | Killed Jessica
  2178 | D:2      | Reached skill level 5 in Spellcasting
  2178 | D:2      | Reached XP level 5. HP: 26/28 MP: 10/14
  2255 | D:2      | Learned a level 2 spell: Poisonous Vapours
  2587 | D:3      | Found Micahoosk's Antique Armour Shoppe.
  2786 | D:3      | Found a snail-covered altar of Cheibriados.
  2974 | D:5      | Entered Level 5 of the Dungeon
  2974 | D:5      | Found a glowing silver altar of Zin.
  3169 | D:4      | Noticed a phantom
  3182 | D:4      | Killed a phantom
  3183 | D:4      | Reached XP level 6. HP: 21/32 MP: 17/17
  3197 | D:4      | Reached skill level 7 in Necromancy
  3376 | D:4      | Noticed Sigmund
  3399 | D:4      | Mangled by Sigmund

Illustrated notes

Levels and vault maps discovered:
D:1:      minmay_arrival_doors, layout_basic
D:2:      cheibrodos_greedy_goblins, layout_loops_cross,
          hellmonk_ecumenical_altar_lost_god, uniq_robin, uniq_jessica
D:3:      layout_basic, mainiacjoe_overflow_tiny_flanked, serial_shops,
          nicolae_shop_temple_entry_statues_fountains, minmay_diced_spiral
D:4:      layout_basic, minmay_temple_entry_gardened_gates, uniq_duvessa,
          uniq_sigmund
D:5:      kb_forest_paths, layout_basic, marbit_many_paths,
          mainiacjoe_overflow_chevrons

Skill      XL: |  1  2  3  4  5  6 |
---------------+-------------------+-----
Necromancy     | 5 6 7 |  7.0
Spellcasting   | 4 5 6 |  6.4
Stealth        | 3 |  3.0
Dodging        | |  2.5
Evocations     | |  0.6

Action                   |  1- 3 |  4- 6 || total
-------------------------+-------+-------++-------
Melee: Dagger            |       |     3 ||     3
 Cast: Necrotise         |    62 |    75 ||   137
Evoke: Wand              |       |    11 ||    11
  Use: Potion            |     1 |       ||     1
       Scroll            |       |     6 ||     6
Armor: Robe              |     4 |     4 ||     8
Dodge: Dodged            |     8 |     8 ||    16
